 Dungeon Crawl Stone Soup version 0.26.1-11-gd32895ea62 (webtiles) character file.

Game seed: 10601240964189804206

50 buriedalive the Chiller (level 3, -2/19 HPs)
             Began as a Deep Elf Ice Elementalist on May 17, 2021.
             Killed from afar by an orc wizard (6 damage)
             ... with a magic dart
             ... on level 2 of the Dungeon.
             The game lasted 00:03:45 (2222 turns).

buriedalive the Chiller (Deep Elf Ice Elementalist) Turns: 2222, Time: 00:03:46

Health: -2/19      AC:  2    Str:  5    XL:     3   Next: 55%
Magic:  7/10       EV: 14    Int: 20    God:
Gold:   33         SH:  0    Dex: 15    Spells: 9/10 levels left

rFire    . . .     SeeInvis .   b - +0 dagger
rCold    . . .     Faith    .   (no shield)
rNeg     . . .     Spirit   .   a - +0 robe
rPois    .         Reflect  .   (no helmet)
rElec    .         Harm     .   (no cloak)
rCorr    .         Rampage  .   (no gloves)
Will     .....                  (no boots)
Stlth    ++........             (no amulet)
HPRegen  0.06/turn              (no ring)
MPRegen  0.12/turn              (no ring)

@: no status effects
A: no striking features
a: no special abilities


You were on level 2 of the Dungeon.
You visited 1 branch of the dungeon, and saw 2 of its levels.

You collected 33 gold pieces.

Inventory:

Hand Weapons
 b - a +0 dagger (weapon)
Missiles
 c - 64 stones
Armour
 a - a +0 robe (worn)
Scrolls
 e - 2 scrolls of teleportation {unknown}
 f - 2 scrolls of identify {unknown}
 g - a scroll of blinking {unknown}
Potions
 d - 2 potions of curing {unknown}
 h - a potion of heal wounds {unknown}


   Skills:
 + Level 3.4 Dodging
 - Level 2.4 Stealth
 + Level 4.0 Spellcasting
 + Level 4.9 Ice Magic


You had 9 spell levels left.
You knew the following spells:

 Your Spells              Type           Power        Failure   Level
a - Freeze                Ice            92%          1%          1

Your spell library contained the following spells:

 Spells                   Type           Power        Failure   Level
 Frozen Ramparts          Ice            46%          4%          3
 Ozocubu's Armour         Ice            23%          4%          3
 Hailstorm                Conj/Ice       13%          43%         4
 Summon Ice Beast         Ice/Summ       13%          43%         4


Dungeon Overview and Level Annotations

Branches:
Dungeon (2/15)

Altars:


Message History

Aiming: Freeze (safe; 1% risk of failure)
Press: ? - help, Shift-Dir - straight line, f/p - orc
Aim: an orc, wielding a +0 mace (almost dead)
You freeze the orc!
You kill the orc!
The bat closely misses you. The orc misses you.
Your Spellcasting skill increases to level 4!
Casting: Freeze (safe; 1% risk of failure)
Confirm with . or Enter, or press ? or * to list all spells.
Aiming: Freeze (safe; 1% risk of failure)
Press: ? - help, Shift-Dir - straight line, f - orc
Aim: an orc, wielding a -2 falchion and wearing a +0 leather armour You freeze the orc.
The orc is almost dead.
The bat barely misses you.
The orc hits you with a cursed -2 falchion.
* * * LOW HITPOINT WARNING * * *
The orc wizard casts a spell at you. The magic dart hits you.
You die...

###......###
#.####.).##
#....###..##
#..#...##..#
##.#....##.##
.##....#..#
.. #.ob##.# .
#.)o#.##
#..###@#..#
#.....#..#
####.....#
#####.# #.#
#.# #.# ..#
##


You could see an orc wizard, an orc and a bat.

Vanquished Creatures
  2 dart slugs (D:1)
  2 leopard geckos (D:1)
  An orc (D:2)
  A ball python (D:1)
  8 bats
  2 giant cockroaches (D:1)
  2 hobgoblins (D:2)
  4 kobolds (D:1)
  2 quokkas (D:2)
  2 frilled lizards (D:1)
  6 goblins
  6 rats
38 creatures vanquished.

Notes
Turn   | Place    | Note
-------+----------+-------------------------------------------
     0 | D:1      | buriedalive the Deep Elf Ice Elementalist began the quest
                  | for the Orb.
     0 | D:1      | Reached XP level 1. HP: 10/10 MP: 6/6
   210 | D:1      | Reached XP level 2. HP: 15/15 MP: 6/8
  1042 | D:1      | Reached XP level 3. HP: 15/19 MP: 8/10
  2222 | D:2      | Killed from afar by an orc wizard

Illustrated notes

Levels and vault maps discovered:
D:1:      dpeg_arrival_renting, layout_loops_cross, serial_co_window_serial,
          co_window_corner_a, co_window_paths_a, co_window_paths_b,
          co_window_paths_b, co_window_corner_a, co_window_paths_a,
          co_window_cross_1, co_window_corner_b, co_window_unsneaky_path_d,
          co_window_of_opportunity_c, co_window_4corner_a, glass_columns_a,
          glass_columns_c
D:2:      minmay_evil_eye, layout_loops_cross, chequers_ecumenical_altar_twisty,
          grunt_decor_fettered, nemelex_dance_club_becter

Skill      XL: |  1  2  3 |
---------------+----------+-----
Dodging        | 3 |  3.4
Spellcasting   | 4 |  4.0
Stealth        | |  2.4
Ice Magic      | |  4.9

Action                   || total
-------------------------++-------
Melee: Dagger            ||   101
 Cast: Freeze            ||    29
 Stab: Sleeping          ||     7
Armor: Robe              ||    28
Dodge: Dodged            ||    86
